AoeStats
← zamithdaniel

Black Forest

508136725Analyzed
3v3 RM · 12d ago on Sep 21, 2026· 72m 44s· 6 players
Game mode
Random Map
Map size
Normal (6 player)
Population
200
Speed
Normal
Resources
Standard
Victory
Conquest
Starting age
Dark Age
Ending age
Imperial Age
RankedLock teamsTeams togetherTeam positionsShared explorationLock speedFull tech treeHidden civsTurbo modeCheats
Victory
Defeat
🇨🇴 Khitans · Colombia
1082
+9
🇨🇱 Slavs · Chile
966
+13
🇲🇽 Italians · Mexico
910
+14
🇨🇴 Turks · Colombia
916
-13
🇨🇴 Britons · Colombia
909
-12
🇨🇴 Slavs · Colombia
876
-11
zamithdaniel
11:37 Feudal Age
12:03 Double-Bit Axe
18:19 Castle Age
17:33 Horse Collar
26:46 Stone Mining
26:49 Gold Mining
28:42 Gold Shaft Mining
28:54 Wheelbarrow
28:05 Loom
28:05 Town Watch
33:49 Imperial Age
33:32 Ballistics
33:47 Fortified Wall
35:33 Heavy Plow
35:57 Bow Saw
39:16 Conscription
40:29 Two-Man Saw
40:13 Hand Cart
41:31 Padded Archer Armor
41:42 Forging
41:38 Scale Barding Armor
43:13 Leather Archer Armor
44:23 Husbandry
44:35 Bloodlines
47:06 Artillery
46:28 Elite Janissary
47:59 Ring Archer Armor
48:05 Iron Casting
47:51 Chain Barding Armor
47:07 Elite Janissary
andres simijaca
8:04 Loom
11:31 Feudal Age
12:06 Double-Bit Axe
11:45 Man-at-Arms
12:42 Horse Collar
20:55 Castle Age
19:20 Gold Mining
19:51 Stone Mining
22:16 Gold Shaft Mining
22:03 Forging
22:32 Scale Barding Armor
23:52 Wheelbarrow
23:21 Fletching
24:15 Heavy Plow
25:05 Detinets
25:28 Bow Saw
26:26 Chain Barding Armor
29:03 Hand Cart
30:19 Caravan
34:04 Iron Casting
38:38 Imperial Age
37:02 Bodkin Arrow
36:48 Elite Skirmisher
37:23 Town Watch
37:55 Padded Archer Armor
40:39 Chemistry
40:05 Elite Boyar
41:49 Crop Rotation
42:31 Ballistics
43:28 Blast Furnace
43:56 Leather Archer Armor
44:51 Masonry
47:10 Ring Archer Armor
49:20 Plate Barding Armor
49:52 Murder Holes
54:09 Fortified Wall
58:06 Two-Man Saw
60:19 Pikeman
61:01 Halberdier
68:32 Squires
Dovahkyn
5:29 Loom
12:14 Feudal Age
22:24 Castle Age
24:45 Fortified Wall
25:15 Double-Bit Axe
28:02 Horse Collar
31:58 Fletching
33:03 Bodkin Arrow
39:50 Heavy Plow
40:13 Bow Saw
42:30 Caravan
43:53 Wheelbarrow
43:07 Town Watch
47:25 Imperial Age
45:12 Hand Cart
45:01 Padded Archer Armor
45:11 Forging
45:01 Scale Mail Armor
45:45 Yeomen
46:53 Coinage
46:16 Gold Mining
46:21 Stone Mining
47:26 Heavy Scorpion
49:17 Chemistry
50:46 Siege Engineers
51:41 Gold Shaft Mining
51:51 Ballistics
51:12 Treadmill Crane
66:25 Banking
Rixas
6:23 Loom
13:10 Feudal Age
14:00 Double-Bit Axe
20:07 Castle Age
19:26 Wheelbarrow
18:39 Town Watch
21:55 Bow Saw
28:01 Horse Collar
28:56 Heavy Plow
30:25 Gold Mining
31:11 Elite Skirmisher
32:17 Silk Road
32:04 Fletching
32:15 Padded Archer Armor
33:37 Hand Cart
33:47 Caravan
34:14 Bodkin Arrow
39:31 Imperial Age
38:08 Fortified Wall
37:43 Treadmill Crane
39:15 Ballistics
38:53 Murder Holes
39:06 Stone Mining
41:19 Chemistry
40:45 Conscription
40:56 Thumb Ring
41:49 Stone Shaft Mining
41:40 Elite Genoese Crossbowman
45:53 Town Patrol
47:26 Two-Man Saw
47:02 Crop Rotation
47:17 Bracer
47:32 Leather Archer Armor
50:27 Hoardings
53:16 Bloodlines
53:06 Husbandry
53:26 Forging
53:17 Scale Mail Armor
53:47 Ring Archer Armor
53:02 Light Cavalry
55:21 Iron Casting
55:03 Chain Mail Armor
55:04 Scale Barding Armor
54:25 Hussar
63:58 Blast Furnace
63:19 Chain Barding Armor
63:02 Squires
62:48 Arson
67:19 Plate Barding Armor
66:11 Cavalier
67:46 Masonry
73:07 Architecture
ElLorenzuwu
0:28 Loom
11:46 Feudal Age
12:19 Double-Bit Axe
12:15 Domestication
17:27 Castle Age
17:35 Wheelbarrow
17:01 Stone Mining
18:35 Fletching
18:46 Padded Archer Armor
20:47 Gold Mining
23:03 Bow Saw
24:32 Pastoralism
28:31 Scale Mail Armor
28:42 Forging
30:16 Town Watch
30:54 Hand Cart
31:46 Chain Mail Armor
32:07 Iron Casting
34:24 Imperial Age
36:20 Chemistry
36:30 Two-Man Saw
35:46 Arson
36:02 Squires
35:48 Gambesons
37:12 Plate Mail Armor
36:51 Siege Engineers
37:27 Thumb Ring
37:49 Parthian Tactics
36:47 Heavy Cavalry Archer
38:43 Guilds
39:03 Coinage
38:34 Caravan
39:31 Husbandry
39:49 Heavy Rocket Cart
41:23 Transhumance
40:58 Town Patrol
42:38 Masonry
42:24 Murder Holes
42:10 Elite Steppe Lancer
43:02 Scale Barding Armor
42:54 Bodkin Arrow
43:53 Conscription
43:41 Lamellar Armor
46:05 Bracer
46:21 Leather Archer Armor
46:26 Chain Barding Armor
56:44 Plate Barding Armor
57:04 Treadmill Crane
57:35 Fortified Wall
57:46 Ballistics
57:58 Ring Archer Armor
66:39 Ordo Cavalry
68:53 Heated Shot
69:35 Banking
Tuko00o
1:15 Loom
11:02 Feudal Age
12:54 Man-at-Arms
21:49 Horse Collar
21:59 Double-Bit Axe
22:52 Gold Mining
25:22 Castle Age
24:28 Wheelbarrow
24:30 Stone Mining
27:03 Bow Saw
29:56 Gold Shaft Mining
30:08 Heavy Plow
30:04 Crossbowman
30:57 Detinets
31:34 Hand Cart
33:57 Ballistics
33:51 Forging
33:48 Scale Barding Armor
35:08 Iron Casting
36:25 Chain Barding Armor
37:37 Bloodlines
37:28 Husbandry
36:57 Elite Skirmisher
37:12 Pikeman
37:53 Squires
41:49 Imperial Age
41:03 Caravan
41:05 Fletching
41:15 Padded Archer Armor
40:52 Light Cavalry
41:43 Bodkin Arrow
41:50 Scale Mail Armor
41:38 Town Watch
41:52 Murder Holes
43:27 Conscription
43:06 Elite Boyar
44:33 Siege Engineers
45:29 Chemistry
45:00 Long Swordsman
45:04 Halberdier
46:06 Druzhina
45:32 Two-Handed Swordsman
46:46 Leather Archer Armor
46:49 Chain Mail Armor
48:02 Town Patrol
48:45 Hoardings
48:22 Champion
49:30 Hussar
50:55 Onager
55:32 Blast Furnace
55:10 Plate Barding Armor
59:35 Plate Mail Armor
69:43 Masonry
Connection lost

Rejoining the realm…

Still unreachable

The connection could not be restored.

Session expired

The server has moved on; the page needs a fresh start.